 Dungeon Crawl Stone Soup version 0.23-a0-344-ge122d05 (webtiles) character file.

79 Loudmushroom the Shield-Bearer (level 4, -3/29 HPs)
             Began as a Gargoyle Fighter on Oct 19, 2018.
             Slain by a gnoll
             ... wielding a +0 halberd
              (6 damage)
             ... on level 1 of the Dungeon.
             The game lasted 00:07:04 (1686 turns).

Loudmushroom the Shield-Bearer (Gargoyle Fighter)   Turns: 1686, Time: 00:07:06

Health: -3/29      AC: 11    Str: 20    XL:     4   Next: 37%
Magic:  4/4        EV:  7    Int:  9    God:
Gold:   135        SH:  9    Dex:  9    Spells: 3/3 levels left

rFire    . . .     SeeInvis .   a - +0 war axe
rCold    . . .     Gourm    .   c - +0 shield
rNeg     + . .     Faith    .   i - +0 scale mail
rPois    ∞         Spirit   .   (no helmet)
rElec    +         Reflect  .   (no cloak)
rCorr    .         Harm     .   l - +0 pair of gloves
MR       .....                  (no boots)
Stlth    ..........             (no amulet)
HPRegen  0.09/turn              (no ring)
MPRegen  0.09/turn              (no ring)

@: no status effects
A: negative energy resistance 1, electricity resistance, unbreathing,
petrification resistance, rot immunity, AC +3
a: no special abilities


You were on level 1 of the Dungeon.
You were hungry.

You visited 1 branch of the dungeon, and saw 2 of its levels.

You collected 135 gold pieces.

Inventory:

Hand Weapons
 a - a +0 war axe (weapon)
 b - a +0 hunting sling
Missiles
 e - 7 stones (quivered)
 m - 9 sling bullets
Armour
 c - a +0 shield (worn)
 i - a +0 scale mail (worn)
 l - a +0 pair of gloves (worn)
Scrolls
 g - a scroll of random uselessness {unknown}
 n - a scroll of identify {unknown}
 o - a scroll of teleportation {unknown}
Potions
 d - a potion of might
 h - 2 potions of invisibility {unknown}
 j - a potion of heal wounds {unknown}
 p - a potion of degeneration {unknown}
Comestibles
 f - 3 rations


   Skills:
 + Level 3.8 Fighting
 * Level 2.9 Axes
 + Level 3.8 Armour
 + Level 3.8 Shields


You had 3 spell levels left.
You didn't know any spells.
Your spell library was empty.

Dungeon Overview and Level Annotations

Branches:
Dungeon (2/15)

Altars:
Xom


Innate Abilities, Weirdness & Mutations

You are resistant to torment.
Your stone body is resilient. (AC +3)
You are immune to poison.
You resist negative energy. (rN+)
You are resistant to electric shocks. (rElec)
You can survive without breathing.
You are immune to petrification.
You are immune to rotting.


Message History

You hit the gnoll. x2; You block the gnoll's attack. x2
You slash the gnoll!
You kill the gnoll!
You hit the gnoll. The gnoll hits you but does no damage.
The gnoll hits you with a +0 halberd!
* * * LOW HITPOINT WARNING * * *
You block the gnoll's attack.
You closely miss the gnoll.
The gnoll is heavily wounded.
The gnoll barely misses you.
You closely miss the gnoll.
The gnoll is heavily wounded.
You block the gnoll's attack.
You closely miss the gnoll.
The gnoll is heavily wounded.
You block the gnoll's attack.
You hit the gnoll but do no damage.
The gnoll is heavily wounded.
The gnoll hits you with a +0 halberd.
You die...

###################
#)@................
######>g................
#...######.#############
#...# #........#........
#...# #........#........
#...# #........#........
#...# #........#########
#...# #........# #...#
##.#.##### ###


You could see a gnoll.

Vanquished Creatures
  3 gnolls (D:1)
  An adder (D:2)
  An ooze (D:1)
  A worm (D:2)
  2 dart slugs
  A ball python (D:2)
  6 bats (D:1)
  A goblin (D:1)
  5 hobgoblins
  A jackal (D:2)
  5 frilled lizards (D:2)
  5 kobolds
  3 rats
35 creatures vanquished.

Notes
Turn   | Place    | Note
-------+----------+-------------------------------------------
     0 | D:1      | Loudmushroom the Gargoyle Fighter began the quest for the
                  | Orb.
     0 | D:1      | Reached XP level 1. HP: 14/14 MP: 1/1
   297 | D:1      | Reached XP level 2. HP: 19/19 MP: 2/2
   764 | D:1      | Reached XP level 3. HP: 23/23 MP: 3/3
   884 | D:1      | You fall through a shaft!
  1158 | D:2      | Found a shimmering altar of Xom.
  1328 | D:2      | Reached XP level 4. HP: 29/29 MP: 4/4
  1686 | D:1      | Slain by a gnoll

Vault maps used:
D:1:      elethiomel_arrival_shortcut
D:2:      tgw_xom, minmay_misc_feat_x, st_stairs_14, uniq_natasha

Skill      XL: |  1 |
---------------+----+-----
Axes           | 2 |  2.9
Fighting       | |  3.8
Armour         | |  3.8
Shields        | |  3.8

Action                   |  1- 3 |  4- 6 || total
-------------------------+-------+-------++-------
Melee: War axe           |   105 |    15 ||   120
  Eat: Chunk             |     2 |       ||     2
Armor: Scale mail        |    61 |    12 ||    73
Dodge: Dodged            |    37 |    12 ||    49
Block: Shield            |    69 |    18 ||    87

Table legend:
 A = Non-vault XP
 B = Vault XP
 C = Vault XP percentage of total XP
 D = Non-vault monster count
 E = Vault monster count
 F = Vault count percentage of total count
                 A         B        C        D         E       F
            +---------+---------+-------+---------+---------+-------
      Total |      96 |      17 |  15.0 |      28 |       7 |  20.0
            +---------+---------+-------+---------+---------+-------
        D:1 |      68 |       0 |   0.0 |      16 |       0 |   0.0
        D:2 |      28 |      17 |  37.8 |      12 |       7 |  36.8
            +---------+---------+-------+---------+---------+-------
